 Dungeon Crawl Stone Soup version 0.30.0-19-g36f170ea60 (webtiles) character file.

Game seed: 8925128340554020536

1299 sampeng1 the Chopper (level 8, 0/63 HPs)
             Began as a Human Berserker on May 28, 2023.
             Was a Priest of Trog.
             Slain by a gnoll
             ... wielding a +0 halberd
             ... led by a gnoll bouda
              (1 damage)
             ... on level 6 of the Dungeon.
             The game lasted 00:15:41 (5360 turns).

sampeng1 the Chopper (Human Berserker)              Turns: 5360, Time: 00:15:42

Health: 0/63       AC: 15    Str: 20    XL:     8   Next: 87%
Magic:  8/8        EV: 10    Int:  8    God:    Trog [***...]
Gold:   239        SH:  4    Dex: 18    Spells: 7/7 levels left

rFire   + . .        a - +1 hand axe
rCold   . . .        (no shield)
rNeg    . . .        w - +2 chain mail {rF+}
rPois   .            r - +0 helmet
rElec   .            j - +0 cloak
rCorr   .            k - +0 pair of gloves
SInv    .            (no boots)
Will    +....        (no amulet) Stlth
                     f - ring of willpower
HPRegen 0.30/turn    c - +6 ring of dexterity
MPRegen 0.11/turn

%: no passive effects
@: lethally poisoned (0 -> -9), weakened
A: large bone plates 1, high MP 1
a: Renounce Religion, Berserk, Trog's Hand


You were on level 6 of the Dungeon.
You worshipped Trog.
Trog was most pleased with you.
You visited 1 branch of the dungeon, and saw 6 of its levels.

You collected 239 gold pieces.

Inventory:

Hand Weapons
 a - a +1 hand axe (weapon)
Missiles
 n - 9 poisoned darts (quivered)
Armour
 j - a +0 cloak (worn)
 k - a +0 pair of gloves (worn)
 r - a +0 helmet (worn)
 w - a +2 chain mail of fire resistance (worn)
Jewellery
 c - a +6 ring of dexterity (right hand)
 e - a +6 ring of dexterity
 f - a ring of willpower (left hand)
 m - a ring of protection from fire
 x - a ring of protection from fire
Wands
 t - a wand of flame (11)
 B - a wand of quicksilver (6)
 D - a wand of iceblast (7)
Scrolls
 g - a scroll of immolation
 o - 2 scrolls of teleportation
 p - a scroll of amnesia
 q - 2 scrolls of enchant armour {unknown}
 u - a scroll of fog
 y - a scroll of poison {unknown}
 A - a scroll of acquirement {unknown}
 C - a scroll of blinking
Potions
 b - 3 potions of lignification
 d - 5 potions of brilliance
 h - 2 potions of curing
 i - 2 potions of might
 l - a potion of haste
 s - 2 potions of mutation
 v - a potion of flight {unknown}
 z - a potion of degeneration {unknown}


   Skills:
 + Level 5.5 Fighting
 + Level 5.5 Axes
 + Level 5.0 Armour
 + Level 5.0 Dodging
 + Level 3.4 Shields


You had 7 spell levels left.
You didn't know any spells.
Your spell library was empty.

Dungeon Overview and Level Annotations

Branches:
Dungeon (6/15)             Temple (0/1) D:4

Altars:
Gozag

Shops:
D:1 *   D:4 (


Innate Abilities, Weirdness & Mutations

You are partially covered in large bone plates. (SH +4)
You have an increased reservoir of magic. (+10% MP)


Message History

The gnoll bouda hits you with a +1 whip of venom.
You are more poisoned.
The gnoll hits you but does no damage.
You closely miss the gnoll bouda.
The gnoll bouda is severely wounded.
You hit the gnoll.
You feel very sick. The gnoll bouda barely misses you.
The gnoll hits you with a +0 whip.
The gnoll hits you from afar with a +0 spear.
You closely miss the gnoll bouda.
The gnoll bouda is severely wounded.
You hit the gnoll.
You kill the gnoll!
Trog accepts your kill.
You feel very sick. You block the gnoll bouda's attack. The gnoll misses you.
You hit the gnoll bouda but do no damage.
The gnoll bouda is severely wounded.
You feel very sick.
The gnoll is no longer moving quickly. x2
The gnoll bouda hits you with a +1 whip of venom.
* * * LOW HITPOINT WARNING * * *
You are lethally poisoned!
The gnoll hits you but does no damage.
You hit the gnoll bouda.
You kill the gnoll bouda!
Trog accepts your kill.
* * * LOW HITPOINT WARNING * * *
You feel very sick. The gnoll barely misses you.
* * * LOW HITPOINT WARNING * * *
You feel very sick. The gnoll hits you but does no damage.
You block the gnoll's attack.
You barely miss the gnoll.
* * * LOW HITPOINT WARNING * * *
You feel very sick. The gnoll hits you with a +0 spear.
* * * LOW HITPOINT WARNING * * *
The gnoll hits you from afar with a +0 halberd.
You die...

#<#.#######
##.#))......
####...)#######
.....^.?..#
####....#......
##.#.#######
#.#)#######
#.)))......
###@####### #g#
#g. ###. .# #


You could see 2 gnolls.

Vanquished Creatures
  Sigmund (D:2)
  Edmund (D:4)
  A water moccasin (D:5)
  3 black bears
  2 phantoms (D:4)
  A scorpion (D:5)
  2 gnoll boudas
  2 sleepcaps (D:5)
  An iguana (D:5)
  An orc wizard (D:6)
  Robin (D:4)
  4 adders
  10 gnolls
  A white imp (D:5)
  An ufetubus (D:5)
  2 worms
  6 orcs
  6 ball pythons
  3 bats
  11 endoplasms
  5 giant cockroaches
  6 hobgoblins
  8 jackals
  11 kobolds
  2 quokkas
  12 frilled lizards
  13 goblins
  5 rats
122 creatures vanquished.

Notes
Turn   | Place    | Note
-------+----------+-------------------------------------------
     0 | D:1      | sampeng1 the Human Berserker began the quest for the Orb.
     0 | D:1      | Reached XP level 1. HP: 18/18 MP: 1/1
   371 | D:1      | Reached XP level 2. HP: 22/24 MP: 2/2
   387 | D:1      | Found Quceanis's General Store.
  1141 | D:1      | Reached XP level 3. HP: 28/29 MP: 3/3
  1235 | D:1      | Gained mutation: Your spells are a little easier to cast,
                  | but a little less powerful. [potion of mutation]
  1430 | D:2      | Noticed Sigmund
  1444 | D:2      | Killed Sigmund
  1444 | D:2      | Reached ** piety under Trog
  1445 | D:2      | Reached XP level 4. HP: 34/37 MP: 4/4
  1445 | D:2      | Reached XP level 5. HP: 38/42 MP: 5/5
  1445 | D:2      | Reached XP level 6. HP: 44/48 MP: 6/6
  2294 | D:3      | Found an opulent altar of Gozag.
  2319 | D:3      | Lost mutation: Your spells are a little easier to cast, but
                  | a little less powerful. [potion of mutation]
  2319 | D:3      | Gained mutation: You have an increased reservoir of magic.
                  | (+10% MP) [potion of mutation]
  2319 | D:3      | Gained mutation: You are partially covered in large bone
                  | plates. (SH +4) [potion of mutation]
  2410 | D:3      | Found a faded altar of an unknown god.
  3034 | D:4      | Found Toapt's Antique Weapon Emporium.
  3173 | D:4      | Reached skill level 1 in Shields
  3224 | D:4      | Noticed Robin
  3231 | D:4      | Reached XP level 7. HP: 55/55 MP: 7/7
  3239 | D:4      | Killed Robin
  3273 | D:4      | Found a staircase to the Ecumenical Temple.
  3363 | D:4      | Reached *** piety under Trog
  3440 | D:4      | Noticed Edmund
  3476 | D:4      | Killed Edmund
  3939 | D:4      | Reached XP level 8. HP: 60/61 MP: 8/8
  4149 | D:5      | Entered Level 5 of the Dungeon
  4336 | D:5      | Reached skill level 5 in Axes
  4339 | D:5      | Reached skill level 5 in Fighting
  5330 | D:6      | Reached skill level 5 in Armour
  5330 | D:6      | Reached skill level 5 in Dodging
  5360 | D:6      | HP: 1/63 [gnoll/+0 spear[a gnoll bouda] (6)]
  5360 | D:6      | Slain by a gnoll

Illustrated notes

Levels and vault maps discovered:
D:1:      dpeg_arrival_boxorama, layout_basic, serial_glass, glass_columns_a,
          glass_columns_c, serial_shops, shop, minmay_lizard_king
D:2:      layout_rooms, uniq_sigmund
D:3:      layout_loops_ring, mainiacjoe_overflow_chevrons, serial_rivers,
          chequers_serial_rivers_micro_b, chequers_serial_rivers_room_a,
          chequers_serial_rivers_room_b, chequers_serial_rivers_micro_c,
          chequers_serial_rivers_micro_b,
          dreamdust_ecumenical_altar_hidden_monk_grotto
D:4:      layout_gridville, minmay_temple_entry_wispy, serial_shops,
          shop_statue, minmay_pentangle, uniq_robin, uniq_edmund
D:5:      layout_basic
D:6:      layout_loops_ring, enter_ossuary_4, uniq_grinder

Skill      XL: |  1  2  3  4  5  6  7  8 |
---------------+-------------------------+-----
Fighting       | 4 5 |  5.5
Axes           | 4 5 |  5.5
Armour         | 3 4 5 |  5.0
Dodging        | 3 4 5 |  5.0
Shields        | 1 2 3 |  3.4

Action                     |  1- 3 |  4- 6 |  7- 9 || total
---------------------------+-------+-------+-------++-------
  Melee: Hand axe          |    85 |   129 |   281 ||   495
         Punch             |     1 |     3 |     4 ||     8
 Invoke: Berserk           |     1 |     2 |     1 ||     4
         Trog's Hand       |       |       |     1 ||     1
    Use: Scroll            |     4 |     7 |       ||    11
         Potion            |     2 |     1 |     2 ||     5
 Armour: Chain mail        |    45 |    59 |   191 ||   295
         Animal skin       |     6 |       |       ||     6
  Dodge: Dodged            |    44 |    68 |   140 ||   252
  Block: Other             |       |     8 |    62 ||    70
